 Dungeon Crawl Stone Soup version 0.18.1-8-gdd0e5ea (webtiles) character file.

10924 Metae the Protected (level 11, -3/102 HPs)
             Began as a Minotaur Fighter on June 6, 2016.
             Was a Priest of Makhleb.
             Killed from afar by Erica (19 damage)
             ... with a wand of lightning
             ... on level 1 of the Orcish Mines.
             The game lasted 01:23:52 (12566 turns).

Metae the Protected (Minotaur Fighter)             Turns: 12566, Time: 01:23:52

Health: -3/102     AC: 15    Str: 22    XL:     11   Next: 42%
Magic:  0/13       EV:  6    Int:  6    God:    Makhleb [***...]
Gold:   677        SH: 11    Dex: 11    Spells: 0 memorised, 14 levels left

rFire  . . .     SeeInvis .     G - +0 hand axe (elec)
rCold  . . .     Gourm    .     l - +0 plate armour
rNeg   . . .     Faith    .     c - +0 shield
rPois  +         Spirit   +     Z - +0 hat {MR+}
rElec  .         Dismiss  .     (no cloak)
rCorr  .         Reflect  .     (no gloves)
SustAt .         Harm     .     (no boots)
MR     +....                    q - amulet of guardian spirit
Stlth  ..........               (no ring)
                                W - ring of poison resistance

@: lethally poisoned (-3 -> -9), somewhat resistant to hostile enchantments,
extremely unstealthy
A: retaliatory headbutt, horns 2
a: Minor Destruction, Lesser Servant of Makhleb, Renounce Religion


You were on level 1 of the Orcish Mines.
You worshipped Makhleb.
Makhleb was most pleased with you.
You were hungry.

You visited 3 branches of the dungeon, and saw 12 of its levels.

You collected 824 gold pieces.
You spent 147 gold pieces at shops.

Inventory:

Hand Weapons
 d - a +1 flail of draining
 u - a +3 blowgun
 G - a +0 hand axe of electrocution (weapon)
 O - a +0 flail of crushing
 R - a +0 battleaxe
 S - a +2 hand axe
Missiles
 a - a tomahawk of dispersal (quivered)
 w - 43 poisoned needles
Armour
 c - a +0 shield (worn)
 l - a +0 plate armour (worn)
 C - a +3 leather armour
 Z - a +0 hat of magic resistance (worn)
Magical Staves
 A - an uncursed staff of earth
Jewellery
 q - an amulet of guardian spirit (around neck)
 W - a ring of poison resistance (left hand)
Wands
 r - a wand of random effects (28/48)
 F - a wand of paralysis (9/24)
 K - a wand of iceblast (6/15)
 L - a wand of polymorph (10/24)
 M - a wand of flame (17/48)
 N - a wand of paralysis (14/24)
Scrolls
 b - 3 scrolls of enchant weapon {unknown}
 e - a scroll of enchant armour {unknown}
 g - a scroll of amnesia {unknown}
 n - 2 scrolls of identify
 o - 4 scrolls of remove curse
 s - a scroll of immolation {unknown}
 y - a scroll of blinking {unknown}
 B - a scroll of magic mapping {unknown}
 I - 3 scrolls of random uselessness {unknown}
 U - a scroll of fog {unknown}
 V - a scroll of silence {unknown}
 Y - a scroll of torment {unknown}
Potions
 i - a potion of curing
 j - 3 potions of degeneration {unknown}
 k - 3 potions of resistance
 m - a potion of ambrosia {unknown}
 p - a potion of agility {unknown}
 t - 3 potions of heal wounds
 v - a potion of brilliance {unknown}
 z - a potion of cancellation {unknown}
 E - 2 potions of magic
 P - 2 potions of lignification {unknown}
 Q - a potion of haste {unknown}
Books
 D - a book of the Warp

   Spells                             Type                      Level
   a - Recall                         Summoning/Translocation      3
   b - Gell's Gravitas                Hexes/Translocation          3
   c - Force Lance                    Conjuration/Translocation    4
   d - Warp Weapon                    Charms/Translocation         5
   e - Summon Forest                  Summoning/Translocation      5
 H - a book of Envenomations

   Spells                             Type                      Level
   a - Spider Form                    Transmutation/Poison         3
   b - Olgreb's Toxic Radiance        Poison                       4
   c - Alistair's Intoxication        Transmutation/Poison         5
   d - Poisonous Cloud                Conjuration/Poison/Air       6
Comestibles
 f - 9 bread rations
 h - 2 royal jellies
 x - 3 fruits
 J - 3 beef jerkies
 T - 2 meat rations


   Skills:
 * Level 11.3 Fighting
 + Level 7.9 Axes
 + Level 6.0 Throwing
 * Level 11.4 Armour
 + Level 8.7 Shields
 + Level 2.1 Spellcasting
 + Level 5.2 Evocations


You had 14 spell levels left.
You didn't know any spells.

Dungeon Overview and Level Annotations

Branches:
Dungeon (10/15)            Temple (1/1) D:6             Orc (1/2) D:10
   Lair: D:8-11

Altars:
Cheibriados
Dithmenos
Elyvilon
Fedhas
Kikubaaqudgha
Makhleb
Nemelex Xobeh
Pakellas
Qazlal
Ru
Sif Muna
Trog
Xom
Yredelemnul
Zin
The Shining One

Shops:
D:4 (

Annotations:
Orc:1 Erica


Innate Abilities, Weirdness & Mutations

You reflexively headbutt those who attack you in melee.
You have a pair of horns on your head.


Message History

The bolt of lightning hits you!
* * * LOW HITPOINT WARNING * * *
You feel sick.
You feel sick.
You feel sick.
You feel sick. You block something's attack.
You feel sick.
You feel sick.
You feel sick.
You feel sick.
An orb of energy appears from out of thin air!
You block the orb of energy.
The orb of energy explodes!
You feel sick.
Something tries to affect you, but you resist.
You feel sick.
You feel sick.
You hear a zap.
A bolt of lightning appears from out of thin air!
The bolt of lightning hits you!
You die...

###.........# #...........#.#
##...........###..............
#............................#
####......#.....................#
#.#......##............###.......
(##.......##..........###........
((.......####.........# ##.......
......(..##...........####.......
(#....(.........@.....##.........
#..)#............................
##.............##.........)....##
##.#.........#.##.............#
####........#####........#...#
#..>.......# ##......###.##
##...#....########.).....†#
##.#.#.#####.##..........##
###.### #....{........))#


There were no monsters in sight!

Vanquished Creatures
  Gastronok (D:9)
  Nergalle (Orc:1)
  A hill giant (D:10)
  A cyclops (Orc:1)
  2 trolls
  A two-headed ogre (D:8)
  A vampire (D:10)
  10 yaks
  6 humans (D:7)
  2 hungry ghosts
  A warg (Orc:1)
  A water moccasin (D:8)
  4 orc warriors
  2 phantoms
  An ice beast (D:9)
  5 sky beasts
  2 black bears
  A necrophage (D:7)
  6 ogres
  A wasp (D:8)
  An eye of draining (D:8)
  A big kobold (D:8)
  Blork the orc (D:6)
  4 giant frogs
  3 scorpions
  5 wights (D:7)
  2 howler monkeys
  3 crimson imps
  3 hounds
  A giant frog zombie (D:8)
  A jelly (D:10)
  3 quasits
  8 orc wizards
  A centaur skeleton (D:4)
  2 orc priests
  A gnoll shaman (D:4)
  Natasha (thrice) (D:2)
  An iguana (D:8)
  6 worker ants
  3 sheep (D:7)
  Robin (D:4)
  5 gnolls (D:4)
  12 adders
  3 shadow imps
  4 adder zombies
  2 adder skeletons
  3 worms
  2 dart slugs (D:1)
  7 giant geckos
  43 orcs
  A ball python (D:6)
  7 bats
  5 giant cockroaches
  11 goblins
  10 hobgoblins
  4 jackals (D:8)
  6 quokkas
  A giant gecko skeleton (D:6)
  5 giant newts
  11 kobolds
  5 rats
251 creatures vanquished.

Vanquished Creatures (collateral kills)
  An ogre (Orc:1)
  A crocodile (D:10)
2 creatures vanquished.

Grand Total: 253 creatures vanquished

Notes
Turn   | Place    | Note
--------------------------------------------------------------
     0 | D:1      | Metae the Minotaur Fighter began the quest for the Orb.
     0 | D:1      | Reached XP level 1. HP: 19/19 MP: 0/0
   319 | D:1      | Reached XP level 2. HP: 25/27 MP: 1/1
  1006 | D:1      | Reached XP level 3. HP: 33/33 MP: 2/2
  1130 | D:2      | You fall through a shaft!
  1269 | D:2      | Noticed Natasha
  1283 | D:2      | Killed Natasha
  1414 | D:2      | Reached XP level 4. HP: 40/40 MP: 3/3
  1433 | D:2      | Found a white marble altar of Elyvilon.
  1814 | D:2      | Noticed Natasha
  1820 | D:2      | Killed Natasha
  1943 | D:2      | Noticed Natasha
  1959 | D:2      | Killed Natasha
  1959 | D:2      | Reached XP level 5. HP: 47/47 MP: 4/4
  2124 | D:3      | Reached skill level 5 in Fighting
  2124 | D:3      | Reached skill level 5 in Armour
  2431 | D:3      | Found a stormy altar of Qazlal.
  3140 | D:3      | Reached skill level 5 in Shields
  3353 | D:4      | Reached XP level 6. HP: 56/56 MP: 5/5
  3385 | D:4      | Reached skill level 1 in Evocations
  3450 | D:4      | Reached skill level 1 in Throwing
  3983 | D:4      | Noticed Robin
  3987 | D:4      | Reached XP level 7. HP: 62/62 MP: 7/7
  4010 | D:4      | Killed Robin
  4387 | D:4      | Found Cigilale's Antique Weapon Boutique.
  4400 | D:4      | Bought a glowing hand axe for 63 gold pieces
  4400 | D:4      | Bought a rapier for 84 gold pieces
  4471 | D:5      | Entered Level 5 of the Dungeon
  5670 | D:6      | Found a blossoming altar of Fedhas.
  5686 | D:6      | Reached XP level 8. HP: 65/73 MP: 6/8
  5992 | D:6      | Reached skill level 5 in Axes
  6064 | D:6      | Found a sparkling altar of Nemelex Xobeh.
  6175 | D:6      | Found a blossoming altar of Fedhas.
  6370 | D:6      | Found a burning altar of Makhleb.
  6553 | D:6      | Got a scorched falchion
  6595 | D:6      | Noticed Blork the orc
  6601 | D:6      | Killed Blork the orc
  6630 | D:6      | Found a snail-covered altar of Cheibriados.
  6768 | D:6      | Found a staircase to the Ecumenical Temple.
  6775 | Temple   | Entered the Ecumenical Temple
  7189 | D:6      | Became a worshipper of Makhleb the Destroyer
  7323 | D:7      | Found a basalt altar of Yredelemnul.
  7436 | D:7      | Reached XP level 9. HP: 78/81 MP: 7/10
  7501 | D:7      | Reached * piety under Makhleb
  7697 | D:7      | Found an oddly glowing altar of Pakellas.
  8434 | D:8      | Reached ** piety under Makhleb
  8766 | D:8      | Reached XP level 10. HP: 75/91 MP: 8/11
  8793 | D:8      | Reached skill level 10 in Fighting
  8832 | D:8      | Reached skill level 10 in Armour
  9728 | D:9      | Reached skill level 5 in Throwing
  9789 | D:9      | Found a bloodstained altar of Trog.
  9903 | D:9      | Reached *** piety under Makhleb
 10134 | D:9      | Noticed Gastronok
 10148 | D:9      | Killed Gastronok
 10148 | D:9      | Reached skill level 1 in Spellcasting
 10148 | D:9      | Reached XP level 11. HP: 94/100 MP: 7/13
 10905 | D:10     | Entered Level 10 of the Dungeon
 11296 | D:10     | Reached skill level 5 in Evocations
 11324 | D:10     | Noticed a hill giant
 11335 | D:10     | Killed a hill giant
 11968 | D:10     | Found a staircase to the Orcish Mines.
 12136 | Orc:1    | Entered Level 1 of the Orcish Mines
 12174 | Orc:1    | Noticed Nergalle
 12175 | Orc:1    | Noticed a spectral orc warlord
 12213 | Orc:1    | Killed Nergalle
 12476 | Orc:1    | Noticed Erica
 12566 | Orc:1    | Killed from afar by Erica

Skill      XL: |  1  2  3  4  5  6  7  8  9 10 11 |
---------------+----------------------------------+-----
Armour         | 4 5 6 8 9 10 11 | 11.4
Shields        | 4 5 6 7 8 |  8.7
Fighting       | 4 5 7 8 9 10 11 | 11.3
Axes           | 3 4 5 6 7 |  7.9
Evocations     | 1 2 3 4 5 |  5.2
Throwing       | 1 2 3 4 5 6 |  6.0
Spellcasting   | 1 2 |  2.1

Action                   |  1- 3 |  4- 6 |  7- 9 | 10-12 || total
-------------------------+-------+-------+-------+-------++-------
Melee: War axe           |    70 |   138 |    51 |       ||   259
       Headbutt          |     8 |    21 |    69 |    75 ||   173
       Hand axe          |       |       |   379 |   364 ||   743
Invok: Lesser Servant of |       |       |       |     2 ||     2
       Minor Destruction |       |       |       |     1 ||     1
  Use: Potion            |       |       |     1 |     3 ||     4
       Scroll            |       |       |     5 |     1 ||     6
  Eat: Chunk             |     1 |       |     2 |     1 ||     4
       Meat ration       |     1 |       |     1 |     2 ||     4
       Bread ration      |       |     1 |     3 |     1 ||     5
       Pizza             |       |       |     1 |       ||     1
       Beef jerky        |       |       |       |     1 ||     1
Armor: Scale mail        |    45 |    10 |       |       ||    55
       Plate armour      |       |    50 |   264 |   155 ||   469
       Skin              |       |       |     8 |       ||     8
Dodge: Dodged            |    30 |    28 |    71 |    54 ||   183
Block: Shield            |    46 |    80 |   227 |   185 ||   538
